PAA
YAKIMA HOPS @ LANNISTER UNITED LIONHEARTS
08/30/2026
 
TOP OF THE 1ST
Yakima Hops batting - Pitching for Lannister United Lionhearts : LHP Carlos Díaz
Pitching: LHP Carlos Díaz
Batting: RHB Reginald Kalkman 0-0: Ball
1-0: Ground out U3 (Groundball, 34S)
Batting: RHB Yehonatan Chazan 0-0: Ball
1-0: Called Strike
1-1: Foul Ball, location: 2F
1-2: DOUBLE (Line Drive, 8LM)
Batting: RHB Lenny Roper 0-0: Called Strike
0-1: Called Strike
0-2: Strikes out swinging
Batting: RHB Diego Rodríguez 0-0: Called Strike
0-1: Called Strike
0-2: Strikes out looking
Top of the 1st over - 0 run(s), 1 hit(s), 0 error(s), 1 left on base; Yakima 0 - Lannister United 0
BOTTOM OF THE 1ST
Lannister United Lionhearts batting - Pitching for Yakima Hops : LHP Emílio Mavarro
Pitching: LHP Emílio Mavarro
Batting: RHB Ron Morton 0-0: Ball
1-0: Ball
2-0: Called Strike
2-1: Called Strike
2-2: Strikes out swinging
Batting: RHB Anselmo Berneu 0-0: Called Strike
0-1: Ball
1-1: Foul Ball, location: 2F
1-2: Ball
2-2: Ball
3-2: Strikes out swinging
Batting: LHB Gonzalo Álvarez 0-0: Called Strike
0-1: Swinging Strike
0-2: Ball
1-2: Ground out 6-3 (Groundball, 6MS)
Bottom of the 1st over - 0 run(s), 0 hit(s), 0 error(s), 0 left on base; Yakima 0 - Lannister United 0
TOP OF THE 2ND
Yakima Hops batting - Pitching for Lannister United Lionhearts : LHP Carlos Díaz
Batting: LHB Enrique Vásquez 0-0: Ball
1-0: Ball
2-0: Ball
3-0: Called Strike
3-1: SINGLE (Flyball, 8RS)
Batting: RHB Jack Head 0-0: Ball
1-0: Foul Ball, location: 2F
1-1: Fly out, F9 (Flyball, 9LSF)
Batting: LHB Bob Maher 0-0: Ball
1-0: Ball
2-0: Foul Ball, location: 2F
2-1: Ball
Passed Ball!
Enrique Vásquez to second
3-1: Called Strike
3-2: Strikes out looking
Batting: SHB Domingo Luna 0-0: Called Strike
0-1: Swinging Strike
0-2: Ball
1-2: Strikes out swinging
Top of the 2nd over - 0 run(s), 1 hit(s), 0 error(s), 1 left on base; Yakima 0 - Lannister United 0
BOTTOM OF THE 2ND
Lannister United Lionhearts batting - Pitching for Yakima Hops : LHP Emílio Mavarro
Batting: RHB Steve Hinkle 0-0: Ball
1-0: Ball
2-0: Ball
3-0: Called Strike
3-1: Base on Balls
Batting: LHB Evan Nelson 0-0: Foul Ball, location: 2F
0-1: Ball
Wild Pitch!
Steve Hinkle to second
1-1: Called Strike
1-2: Strikes out looking
Batting: RHB Martín Alejadre 0-0: Ball
1-0: Ball
2-0: Foul Ball, location: 2F
2-1: Foul Ball, location: 2F
2-2: Foul Ball, location: 2F
2-2: Ball
3-2: Strikes out swinging
Batting: RHB Junior Pittman 0-0: Ground out 6-3 (Groundball, 6)
Bottom of the 2nd over - 0 run(s), 0 hit(s), 0 error(s), 1 left on base; Yakima 0 - Lannister United 0
TOP OF THE 3RD
Yakima Hops batting - Pitching for Lannister United Lionhearts : LHP Carlos Díaz
Batting: RHB Chad Shafer 0-0: Called Strike
0-1: Ball
1-1: Foul Ball, location: 2F
1-2: Strikes out swinging
Batting: RHB Reginald Kalkman 0-0: Ball
1-0: Ball
2-0: Foul Ball, location: 2F
2-1: Foul Ball, location: 2F
2-2: Foul Ball, location: 2F
2-2: Ball
3-2: Foul Ball, location: 2F
3-2: Foul Ball, location: 2F
3-2: Fly out, F9 (Flyball, 89M)
Batting: RHB Yehonatan Chazan 0-0: Ball
1-0: Ball
2-0: Ball
3-0: Foul Ball, location: 2F
3-1: SINGLE (Flyball, 8LS)
Batting: RHB Lenny Roper 0-0: Ball
1-0: Fly out, F8 (Flyball, 8LD)
Top of the 3rd over - 0 run(s), 1 hit(s), 0 error(s), 1 left on base; Yakima 0 - Lannister United 0
BOTTOM OF THE 3RD
Lannister United Lionhearts batting - Pitching for Yakima Hops : LHP Emílio Mavarro
Batting: SHB Corey Neace 0-0: DOUBLE (Line Drive, 8LD)
Batting: RHB IV Seacat 0-0: Ball
1-0: Ball
2-0: SINGLE (Line Drive, 6M)
Corey Neace to third
Runner from 3rd tries for Home, SAFE, no throw
Batting: RHB Ron Morton 0-0: Fly out, F9 (Flyball, 9LS)
Batting: RHB Anselmo Berneu 0-0: 2-RUN HOME RUN (Flyball, 8LXD), Distance : 431 ft
Batting: LHB Gonzalo Álvarez 0-0: Ball
1-0: Called Strike
1-1: Ball
2-1: Ground out 4-3 (Groundball, 4)
Batting: RHB Steve Hinkle 0-0: Called Strike
0-1: Ball
1-1: Swinging Strike
1-2: Ball
2-2: Ball
3-2: Ground out 5-3 (Groundball, 56)
Bottom of the 3rd over - 3 run(s), 3 hit(s), 0 error(s), 0 left on base; Yakima 0 - Lannister United 3
TOP OF THE 4TH
Yakima Hops batting - Pitching for Lannister United Lionhearts : LHP Carlos Díaz
Batting: RHB Diego Rodríguez 0-0: Ball
1-0: Ball
2-0: SINGLE (Groundball, 56D)
Batting: LHB Enrique Vásquez 0-0: Ball
1-0: Called Strike
Diego Rodríguez steals 2nd base
1-1: Foul Ball, location: 2F
1-2: Foul Ball, location: 2F
1-2: Foul Ball, location: 2F
1-2: Fly out, F8 (Flyball, 8LD)
Runner from 2nd tags up, SAFE at 3rd, no throw
Batting: RHB Jack Head 0-0: Called Strike
0-1: Ball
1-1: Ball
2-1: Swinging Strike
2-2: Strikes out swinging
Batting: LHB Bob Maher 0-0: Called Strike
0-1: SINGLE (Flyball, 9LS)
Diego Rodríguez scores
Batting: SHB Domingo Luna 0-0: Foul Ball, location: 2F
0-1: Called Strike
0-2: Strikes out swinging
Top of the 4th over - 1 run(s), 2 hit(s), 0 error(s), 1 left on base; Yakima 1 - Lannister United 3
BOTTOM OF THE 4TH
Lannister United Lionhearts batting - Pitching for Yakima Hops : LHP Emílio Mavarro
Batting: LHB Evan Nelson 0-0: Foul Ball, location: 2F
0-1: Foul Ball, location: 2F
0-2: Ball
1-2: Ball
2-2: Strikes out swinging
Batting: RHB Martín Alejadre 0-0: Ball
1-0: Called Strike
1-1: Swinging Strike
1-2: Strikes out swinging
Batting: RHB Junior Pittman 0-0: Ball
1-0: Ball
2-0: Ball
3-0: Base on Balls
Batting: SHB Corey Neace 0-0: Ball
1-0: Foul Ball, location: 2F
1-1: Fly out, F9 (Line Drive, 9S)
Bottom of the 4th over - 0 run(s), 0 hit(s), 0 error(s), 1 left on base; Yakima 1 - Lannister United 3
TOP OF THE 5TH
Yakima Hops batting - Pitching for Lannister United Lionhearts : LHP Carlos Díaz
Batting: RHB Chad Shafer 0-0: Ground out 6-3 (Groundball, 6M)
Batting: RHB Reginald Kalkman 0-0: Ball
1-0: Foul Ball, location: 2F
1-1: Ball
2-1: Ball
3-1: Swinging Strike
3-2: Fly out, F8 (Flyball, 8RS)
Batting: RHB Yehonatan Chazan 0-0: Called Strike
0-1: SINGLE (Flyball, 7S)
Batting: RHB Lenny Roper 0-0: Called Strike
0-1: Called Strike
Yehonatan Chazan is caught stealing 2nd base
Top of the 5th over - 0 run(s), 1 hit(s), 0 error(s), 0 left on base; Yakima 1 - Lannister United 3
BOTTOM OF THE 5TH
Lannister United Lionhearts batting - Pitching for Yakima Hops : LHP Emílio Mavarro
Now in RF: César Nieves
Batting: RHB IV Seacat 0-0: Fly out, F4 (Popup, 4S)
Batting: RHB Ron Morton 0-0: DOUBLE (Line Drive, 8RD)
Batting: RHB Anselmo Berneu 0-0: Called Strike
0-1: Ball
1-1: Foul Ball, location: 2F
1-2: Ball
2-2: Ball
3-2: Foul Ball, location: 2F
3-2: Foul Ball, location: 2F
3-2: Strikes out swinging
Batting: LHB Gonzalo Álvarez 0-0: Called Strike
0-1: Ground out 4-3 (Groundball, 4)
Bottom of the 5th over - 0 run(s), 1 hit(s), 0 error(s), 1 left on base; Yakima 1 - Lannister United 3
TOP OF THE 6TH
Yakima Hops batting - Pitching for Lannister United Lionhearts : LHP Carlos Díaz
Batting: RHB Lenny Roper 0-0: Fly out, F3 (Popup, 3)
Batting: RHB Diego Rodríguez 0-0: Foul Ball, location: 2F
0-1: Foul Ball, location: 2F
0-2: Ball
1-2: Strikes out swinging
Batting: LHB Enrique Vásquez 0-0: Ball
1-0: Ball
2-0: Reached on error, E4 (Groundball, 34)
Batting: LHB César Nieves 0-0: Called Strike
0-1: Called Strike
0-2: Ball
1-2: Ball
2-2: Strikes out swinging
Top of the 6th over - 0 run(s), 0 hit(s), 1 error(s), 1 left on base; Yakima 1 - Lannister United 3
BOTTOM OF THE 6TH
Lannister United Lionhearts batting - Pitching for Yakima Hops : LHP Emílio Mavarro
Batting: RHB Steve Hinkle 0-0: Ball
1-0: Fly out, F8 (Line Drive, 8LS)
Batting: LHB Evan Nelson 0-0: Ball
1-0: Ground out 6-3 (Groundball, 6S)
Batting: RHB Martín Alejadre 0-0: Called Strike
0-1: Foul Ball, location: 2F
0-2: Ball
1-2: Foul Ball, location: 2F
1-2: Strikes out swinging
Bottom of the 6th over - 0 run(s), 0 hit(s), 0 error(s), 0 left on base; Yakima 1 - Lannister United 3
TOP OF THE 7TH
Yakima Hops batting - Pitching for Lannister United Lionhearts : RHP José Montalópez
Pitching: RHP José Montalópez
Batting: LHB Bob Maher 0-0: Called Strike
0-1: Ball
1-1: Ball
2-1: Foul Ball, location: 2F
2-2: Strikes out swinging
Batting: SHB Domingo Luna 0-0: Ball
1-0: Ball
2-0: Ball
3-0: Called Strike
3-1: Base on Balls
Batting: RHB Chad Shafer 0-0: Ball
1-0: Called Strike
1-1: Foul Ball, location: 2F
1-2: Strikes out looking
Batting: RHB Reginald Kalkman 0-0: Ball
1-0: Swinging Strike
1-1: Ball
2-1: Foul Ball, location: 2F
2-2: Foul Ball, location: 2F
2-2: Ground out 4-3 (Groundball, 4)
Top of the 7th over - 0 run(s), 0 hit(s), 0 error(s), 1 left on base; Yakima 1 - Lannister United 3
BOTTOM OF THE 7TH
Lannister United Lionhearts batting - Pitching for Yakima Hops : LHP Emílio Mavarro
Batting: RHB Junior Pittman 0-0: Swinging Strike
0-1: Fly out, F7 (Flyball, 7)
Batting: SHB Corey Neace 0-0: Ball
1-0: Swinging Strike
1-1: Fly out, F9 (Flyball, 9S)
Batting: RHB IV Seacat 0-0: Fly out, F5 (Line Drive, 56)
Bottom of the 7th over - 0 run(s), 0 hit(s), 0 error(s), 0 left on base; Yakima 1 - Lannister United 3
TOP OF THE 8TH
Yakima Hops batting - Pitching for Lannister United Lionhearts : RHP José Montalópez
Batting: RHB Yehonatan Chazan 0-0: Ground out 6-3 (Groundball, 56)
Batting: RHB Lenny Roper 0-0: Foul Ball, location: 2F
0-1: Ball
1-1: Foul Ball, location: 2F
1-2: Strikes out swinging
Batting: RHB Diego Rodríguez 0-0: Foul Ball, location: 2F
0-1: Ball
1-1: Ball
2-1: Ground out 5-3 (Groundball, 56)
Top of the 8th over - 0 run(s), 0 hit(s), 0 error(s), 0 left on base; Yakima 1 - Lannister United 3
BOTTOM OF THE 8TH
Lannister United Lionhearts batting - Pitching for Yakima Hops : LHP Emílio Mavarro
Batting: RHB Ron Morton 0-0: SINGLE (Groundball, 6MD)
Batting: RHB Anselmo Berneu 0-0: Called Strike
0-1: Ball
1-1: Ball
2-1: 2-RUN HOME RUN (Flyball, 7D), Distance : 390 ft
Pitching: LHP Cristo Perales
Batting: LHB Gonzalo Álvarez 0-0: SOLO HOME RUN (Flyball, 9LD), Distance : 337 ft
Batting: RHB Steve Hinkle 0-0: Swinging Strike
0-1: Ball
1-1: Ball
2-1: Foul Ball, location: 2F
2-2: Ball
3-2: Base on Balls
Batting: LHB Evan Nelson 0-0: Ball
1-0: SINGLE (Line Drive, 34D)
Steve Hinkle to second
Batting: RHB Martín Alejadre 0-0: Called Strike
0-1: Ground out 6-3 (Groundball, 4MS)
Steve Hinkle to third
Evan Nelson to second
Batting: RHB Junior Pittman 0-0: Ball
1-0: Called Strike
1-1: Foul Ball, location: 2F
1-2: Ball
2-2: Ball
3-2: SINGLE (Groundball, 6MD)
Steve Hinkle scores
Evan Nelson to third
Runner from 3rd tries for Home, SAFE, no throw
Pitching: RHP John Sirica
Pinch Hitting: LHB Chad Graves 0-0: Grounds into double play, 3-6-3 (Groundball, 34)
Bottom of the 8th over - 5 run(s), 5 hit(s), 0 error(s), 0 left on base; Yakima 1 - Lannister United 8
TOP OF THE 9TH
Yakima Hops batting - Pitching for Lannister United Lionhearts : RHP José Montalópez
Now at 3B: Chad Graves
Now at SS: Sancho Balderas
Batting: LHB Enrique Vásquez 0-0: Ball
1-0: Foul Ball, location: 2F
1-1: Ball
2-1: Foul Ball, location: 2F
2-2: Strikes out swinging
Batting: LHB César Nieves 0-0: Ball
1-0: Ball
2-0: Fly out, F9 (Flyball, 9)
Batting: LHB Bob Maher 0-0: Called Strike
0-1: Ball
1-1: Swinging Strike
1-2: Foul Ball, location: 2F
1-2: Strikes out swinging
Top of the 9th over - 0 run(s), 0 hit(s), 0 error(s), 0 left on base; Yakima 1 - Lannister United 8
Monday, March 20th, 2017 - OOTP Baseball 17.12 Build 75